Map: Prion Terraces

Players

AcerNerchio (Nerchio) - Winner!

  • Race: Zerg Zerg

Apocalypse

  • Race: Terran Terran

Event: Gauntlet LotV Series 1 Qualifier 1

VOD

Have the link to the VOD?

Description

Time

  • Played on: Nov. 22, 2015, 9:41 p.m.
  • Length: 8:38

All games in this series

Show
View Real Time Build Order
Export as new Build Order

AcerNerchio Zerg - Winner!

Build Orders: Hatch First 

Get SALT Encoding   

  12  0:01  Drone  
  13  0:12  Overlord  
  13  0:17  Drone  
  14  0:30  Drone  
  14  0:31  Drone  
  14  0:34  Drone  
  17  0:55  Drone  
  17  0:56  Hatchery  
  17  0:58  Drone  
  18  1:10  Spawning Pool  
  17  1:14  Drone  
  17  1:17  Drone  
  19  1:20  Extractor  
  18  1:28  Drone  
  19  1:38  Overlord  
  19  1:57  Queen  
  19  1:58  Zergling x2  
  19  2:00  Zergling x2  
  23  2:09  Zergling x2, Queen  
  23  2:15  Roach Warren  
  25  2:17  Drone  
  25  2:20  Drone  
  27  2:28  Drone  
  27  2:32  Drone x2  
  29  2:42  Overlord  
  29  2:45  Overlord  
  29  3:00  Roach x2  
  33  3:07  Roach x5  
  43  3:14  Roach  
  43  3:18  Overlord  
  44  3:20  Drone x2  
  44  3:21  Drone  
  46  3:29  Drone x2  
  48  3:38  Drone  
  48  3:39  Drone  
  48  3:40  Ravager  
  51  3:47  Drone  
  52  3:49  Drone x2  
  52  3:51  Hatchery  
  52  3:53  Ravager  
  52  3:55  Drone x2  
  56  3:59  Extractor  
  56  4:01  Overlord  
  55  4:03  Drone  
  56  4:10  Drone x4  
  56  4:16  Overlord  
  60  4:20  Overlord  
  60  4:24  Queen x2  
  58  4:32  Roach x2  
  57  4:42  Roach  
  57  4:43  Roach  
  54  4:47  Drone  
  54  4:48  Drone x2, Extractor  
  54  4:52  Extractor  
  55  4:55  Overlord  
  55  4:59  Roach  
  57  5:05  Roach  
  57  5:06  Roach  
  61  5:12  Lair  
  61  5:14  Queen  
  61  5:15  Queen  
  61  5:16  Zergling x12  
  71  5:24  Overlord  
  71  5:29  Metabolic Boost  
  69  5:42  Drone x5  
  74  5:47  Drone x7  
  81  5:50  Overlord  
  81  5:59  Roach x2  
  81  6:01  Roach  
  81  6:02  Queen  
  85  6:06  Roach  
  85  6:07  Roach  
  85  6:10  Roach  
  89  6:11  Roach x2  
  89  6:14  Roach  
  89  6:16  Glial Reconstitution  
  89  6:18  Burrow, Roach  
  93  6:19  Roach  
  93  6:20  Roach x2  
  93  6:22  Roach  
  93  6:24  Roach  
  100  6:33  Roach x4  
  100  6:35  Overlord  
  100  6:39  Drone  
  109  6:45  Drone x3  
  109  6:47  Overlord, Extractor  
  111  6:52  Overlord  
  111  6:53  Overlord  
  111  6:54  Overlord  
  111  6:55  Drone x3  
  114  7:07  Hatchery  
  113  7:10  Roach x3  
  113  7:13  Roach  
  113  7:14  Roach  
  119  7:23  Roach x5  
  119  7:26  Roach x2  
  119  7:28  Roach  
  119  7:29  Roach  
  135  7:34  Roach x3  
  143  7:37  Roach  
  143  7:40  Overlord x2  
  143  7:51  Roach x2  
  133  8:00  Roach x2  
  133  8:01  Roach x6  
  133  8:02  Roach  
  133  8:05  Roach  
  153  8:07  Roach  
  155  8:15  Roach  
  155  8:16  Roach  
  155  8:18  Roach  
Show
View Real Time Build Order
Export as new Build Order

Apocalypse Terran 

Build Orders: Reaper Expand 

Get SALT Encoding   

  12  0:01  SCV  
  13  0:13  SCV  
  14  0:18  Supply Depot  
  14  0:25  SCV  
  15  0:39  SCV  
  15  0:40  Barracks  
  16  0:44  Refinery  
  16  0:51  SCV  
  17  1:03  SCV  
  18  1:16  SCV  
  19  1:28  Orbital Command  
  19  1:29  Reaper  
  20  1:41  Command Center  
  20  1:47  Refinery  
  21  1:54  SCV  
  21  1:57  Supply Depot  
  21  2:06  SCV, Barracks Reactor  
  22  2:18  Factory  
  22  2:19  SCV  
  23  2:31  SCV  
  24  2:43  SCV  
  27  2:55  SCV, Orbital Command  
  27  2:56  Factory  
  26  3:06  Barracks Tech Lab  
  26  3:07  SCV  
  27  3:13  Hellion x2  
  27  3:19  SCV  
  32  3:30  SCV  
  33  3:35  Supply Depot, Hellion x2  
  33  3:36  Factory  
  37  3:46  Cyclone  
  37  3:47  Marine  
  41  3:56  Supply Depot  
  41  3:57  Supply Depot  
  41  4:00  Mag-Field Accelerator  
  41  4:05  Hellion x2  
  45  4:12  Marine  
  46  4:18  Cyclone  
  36  4:40  Supply Depot  
  36  4:44  SCV  
  36  4:49  Hellion x2  
  36  4:50  SCV  
  41  4:55  Factory Tech Lab  
  41  4:56  SCV, Cyclone  
  45  5:03  SCV  
  46  5:08  SCV  
  46  5:09  Supply Depot  
  47  5:15  SCV  
  47  5:20  SCV  
  47  5:22  Hellion x2  
  47  5:27  SCV  
  52  5:32  Cyclone  
  52  5:33  SCV  
  56  5:39  Refinery  
  56  5:40  SCV  
  57  5:46  SCV  
  57  5:47  Cyclone  
  61  5:52  SCV  
  61  5:55  Supply Depot  
  62  5:58  SCV  
  62  6:02  Hellion x2  
  62  6:04  SCV  
  65  6:16  Cyclone  
  65  6:17  Refinery  
  68  6:19  SCV x2  
  66  6:33  SCV  
  66  6:34  Command Center  
  66  6:38  Cyclone  
  70  6:40  SCV  
  71  6:47  Supply Depot  
  71  6:48  SCV  
  71  6:50  Cyclone  
  75  6:55  SCV, Hellion x2  
  80  7:02  Supply Depot  
  80  7:07  Armory  
  80  7:14  Hellion  
  82  7:23  Cyclone  
  82  7:24  Hellion x2  
  82  7:27  SCV x2  
  91  7:34  Supply Depot  
  91  7:40  Refinery  
  91  7:41  Refinery  
  91  7:48  Hellion, Cyclone  
  94  7:58  Cyclone, Hellion  
  83  7:59  SCV  
  79  8:07  Orbital Command  
  79  8:13  SCV x2  
Tags
 
Add a new tag
Caveats
  • Supply blocks, unpowered buildings, or Contaminate may cause inaccurate times.
  • Supply counts are checked every 10 seconds.